 Dungeon Sprint DCSS version 0.28-a0-381-g937acc2988 (webtiles) character file.

Game seed: 5284566112065433717

3035 MikeHunt the Severer (level 9, -3/142 HPs)
             Began as a Minotaur Berserker on Sept 2, 2021.
             Was a High Priest of Trog.
             Succumbed to a redback's poison
             ... in the Dungeon (Sprint III: "The Ten Rune Challenge").
             The game lasted 00:03:56 (1598 turns).

MikeHunt the Severer (Minotaur Berserker)           Turns: 1598, Time: 00:03:56

Health: -3/142     AC:  2    Str: 23    XL:     9   Next: 56%
Magic:  8/8        EV: 16    Int:  4    God:    Trog [*****.]
Gold:   37         SH:  0    Dex: 12    Spells: 8/8 levels left

rFire   . . .      SeeInvis .   s - +2 battleaxe (vorpal) {god gift}
rCold   . . .      Faith    .   (shield currently unavailable)
rNeg    . . .      Spirit   .   b - +0 animal skin
rPois   .          Reflect  .   (helmet restricted)
rElec   .          Harm     .   (no cloak)
rCorr   .          Rampage  .   (no gloves)
Will    .....      NoTele   +   (no boots)
Stlth   ..........              (no amulet)
HPRegen 0.33/turn               (no ring)
MPRegen 0.11/turn               (no ring)

@: berserking (expiring), lethally poisoned (-3 -> -43), very quick
A: horns 2, retaliatory headbutt
a: Renounce Religion, Berserk, Trog's Hand, Brothers in Arms


You were in the Dungeon.
You worshipped Trog.
Trog was extremely pleased with you.
You visited 1 branch You collected 37 gold pieces.

Inventory:

Hand Weapons
 a - a +0 hand axe
 k - a +4 quarterstaff of chaos
 r - a +0 long sword of holy wrath
 s - a +2 vorpal battleaxe (weapon) {god gift}
Armour
 b - a +0 animal skin (worn)
 l - a +0 cloak
Wands
 i - a wand of flame (13) (quivered)
Scrolls
 h - a scroll of blinking
 m - a scroll of holy word {unknown}
 n - 2 scrolls of identify {unknown}
 q - a scroll of immolation {unknown}
Potions
 c - 3 potions of curing
 d - 2 potions of heal wounds
 e - a potion of haste
 f - 2 potions of magic
 g - a potion of berserk rage
 j - a potion of might
 o - a potion of degeneration {unknown}
 p - 6 potions of mutation


   Skills:
 + Level 14.1 Fighting
 + Level 15.5 Axes
 - Level 2.4 Armour
 + Level 9.7 Dodging
 - Level 9.2 Evocations


You had 8 spell levels left.
You didn't know any spells.
Your spell library was empty.

Dungeon Overview and Level Annotations

Branches:
Dungeon (1/1)

Altars:
Cheibriados
Dithmenos
Elyvilon
Fedhas
Gozag
Hepliaklqana
Kikubaaqudgha
Makhleb
Nemelex Xobeh
Okawaru
Qazlal
Ru
Sif Muna
Trog
Uskayaw
Vehumet
Wu Jian
Xom
Yredelemnul
Zin
The Shining One
Beogh
Jiyva
Lugonu


Innate Abilities, Weirdness & Mutations

You have a pair of horns on your head.
You reflexively headbutt those who attack you in melee.


Message History

You are too injured to fight recklessly!
You feel extremely sick.
You closely miss the redback.
The redback is severely wounded.
You feel very sick. The redback bites you! The redback misses you.
A red film seems to cover your vision as you go berserk!
You feel yourself moving faster!
You feel mighty!
You feel very sick. The redback barely misses you.
You completely miss the redback. Your headbutt misses the redback.
The redback is heavily wounded.
You feel very sick. The redback bites you!
* * * LOW HITPOINT WARNING * * *
You closely miss the redback.
The redback is heavily wounded.
You feel sick. The redback bites you.
* * * LOW HITPOINT WARNING * * *
You are lethally poisoned!
The redback poisons you!
You slice the redback like a ripe choko!!!
You kill the redback!
Trog accepts your kill. Trog grants you a weapon!
Something appears at your feet!
You see here a +2 antimagic broad axe {god gift}.
* * * LOW HITPOINT WARNING * * *
You feel extremely sick.
Unknown command.
Press: ? - help, v - describe, . - travel, g - get item Item here: a +2 antimagic broad axe {god gift}.
The floor, spattered with blood.
* * * LOW HITPOINT WARNING * * *
You feel extremely sick.
You feel a strong urge to attack something.
* * * LOW HITPOINT WARNING * * *
You feel very sick.
There is an open door here.
You die...

#)## ...# ...# ##'#
...#+#####################
...#....#.#.#.....#......+
...##.#..#.##)###.#...^..#
...)##.#.#.##.#.)##......#
...#)).#..#..##.@'.^.^.^.#
▓▓▓▓▓▓▓▓▓▓▓▓▓▓▓▓▓#).^^...#
#..^.^^.# +....^..#
#.......# ##+######


There were no monsters in sight!

Vanquished Creatures
  Erolcha (D)
  A deep elf pyromancer (D)
  2 redbacks (D)
  A shadow (D)
  A spatial vortex (D)
  A necrophage (D)
  5 two-headed ogres (D)
  A water elemental (D)
  A jelly (D)
  Crazy Yiuf (D)
  Jessica (D)
  A wizard (D)
  A necromancer (D)
  3 humans (D)
  A kobold demonologist (D)
  3 rats (D)
25 creatures vanquished.

Notes
Turn   | Place    | Note
-------+----------+-------------------------------------------
     0 | D        | MikeHunt the Minotaur Berserker began the quest for the
                  | Orb.
     0 | D        | Reached XP level 1. HP: 19/19 MP: 0/0
     6 | D        | Reached skill level 4 in Axes
     9 | D        | Noticed Jessica
    12 | D        | Reached ** piety under Trog
    16 | D        | Killed Jessica
    17 | D        | Reached skill level 6 in Axes
    17 | D        | Reached XP level 2. HP: 30/30 MP: 1/1
   138 | D        | Noticed Crazy Yiuf
   145 | D        | Killed Crazy Yiuf
   146 | D        | Reached XP level 3. HP: 33/38 MP: 2/2
   323 | D        | Reached *** piety under Trog
   324 | D        | Reached skill level 7 in Axes
   324 | D        | Reached XP level 4. HP: 33/47 MP: 3/3
   477 | D        | Noticed a water elemental
   481 | D        | Killed a water elemental
   482 | D        | Reached skill level 8 in Axes
   490 | D        | Found a radiant altar of Vehumet.
   491 | D        | Found a shimmering blue altar of Sif Muna.
   491 | D        | Found an ancient bone altar of Kikubaaqudgha.
   491 | D        | Noticed a wizard
   502 | D        | Reached XP level 5. HP: 22/56 MP: 4/4
   722 | D        | Found a glowing silver altar of Zin.
   722 | D        | Found a glowing golden altar of the Shining One.
   722 | D        | Found a white marble altar of Elyvilon.
   723 | D        | Noticed a deep elf pyromancer
   729 | D        | Killed a deep elf pyromancer
   729 | D        | Reached **** piety under Trog
   730 | D        | Reached skill level 11 in Axes
   730 | D        | Reached XP level 6. HP: 68/68 MP: 5/5
   730 | D        | Reached XP level 7. HP: 74/74 MP: 6/6
   833 | D        | Found a basalt altar of Yredelemnul.
   833 | D        | Found a shadowy altar of Dithmenos.
   833 | D        | Found a sacrificial altar of Ru.
   889 | D        | Noticed a shadow
   894 | D        | Killed a shadow
   894 | D        | Reached ***** piety under Trog
   895 | D        | Reached skill level 12 in Axes
   998 | D        | Found a blossoming altar of Fedhas.
   998 | D        | Found a stormy altar of Qazlal.
   999 | D        | Found a snail-covered altar of Cheibriados.
   999 | D        | Found a burning altar of Makhleb.
   999 | D        | Found a hazy altar of Hepliaklqana.
   999 | D        | Found a shimmering altar of Xom.
   999 | D        | Found an opulent altar of Gozag.
   999 | D        | Found a sparkling altar of Nemelex Xobeh.
   999 | D        | Found a corrupted altar of Lugonu.
   999 | D        | Found a viscous altar of Jiyva.
   999 | D        | Noticed a spatial vortex
  1008 | D        | Killed a spatial vortex
  1009 | D        | Reached XP level 8. HP: 85/85 MP: 7/7
  1121 | D        | Found a hide-covered altar of Uskayaw.
  1121 | D        | Found an iron altar of Okawaru.
  1122 | D        | Found a bloodstained altar of Trog.
  1122 | D        | Found an ornate altar of the Wu Jian Council.
  1133 | D        | Received a gift from Trog
  1134 | D        | Reached skill level 13 in Axes
  1200 | D        | Reached skill level 5 in Dodging
  1298 | D        | Noticed a two-headed ogre
  1304 | D        | Killed a two-headed ogre
  1305 | D        | Reached skill level 14 in Axes
  1470 | D        | Noticed a two-headed ogre
  1470 | D        | Noticed Erolcha
  1475 | D        | Killed Erolcha
  1476 | D        | Reached skill level 15 in Axes
  1476 | D        | Reached XP level 9. HP: 93/93 MP: 8/8
  1478 | D        | Killed a two-headed ogre
  1595 | D        | Received a gift from Trog
  1597 | D        | HP: 4/142 [poisoned by a redback]
  1598 | D        | Succumbed to a redback's poison

Illustrated notes

Levels and vault maps discovered:
D:        dungeon_sprint_mu [sprint_mu_entry_forest, sprint_mu_temple_rooms,
          sprint_mu_d1_spiders, sprint_mu_d2_genie, sprint_mu_d3_branching,
          sprint_mu_orc_legion, sprint_mu_elf_gauntlet, sprint_mu_hive_nellie,
          sprint_mu_lair_fedhas, sprint_mu_vaults_butterflies,
          sprint_mu_slime_circle, sprint_mu_shoals_archi,
          sprint_mu_snake_twists, sprint_mu_blade_basic,
          sprint_mu_crypt_chambers, sprint_mu_tomb_spiral,
          sprint_mu_vestibule_basic, sprint_mu_gehenna_hellfire,
          sprint_mu_dis_giant, sprint_mu_tartarus_statrot,
          sprint_mu_cocytus_islands, sprint_mu_zot1]

Skill      XL: |  1  2  3  4  5  6  7  8  9 |
---------------+----------------------------+-----
Fighting       | 6 7 8 11 12 13 14 | 14.1
Axes           | 6 7 8 11 12 15 | 15.5
Evocations     | 2 4 7 8 9 |  9.2
Dodging        | 8 9 |  9.7
Armour         | |  2.4

Action                   |  1- 3 |  4- 6 |  7- 9 || total
-------------------------+-------+-------+-------++-------
Melee: Hand axe          |    12 |    17 |    25 ||    54
       Headbutt          |       |     3 |     8 ||    11
       Battleaxe         |       |       |    24 ||    24
Invok: Berserk           |     3 |     2 |     8 ||    13
       Trog's Hand       |       |     1 |     1 ||     2
Evoke: Wand              |     1 |       |       ||     1
  Use: Potion            |       |     1 |       ||     1
Armor: Animal skin       |     1 |     4 |     1 ||     6
Dodge: Dodged            |     6 |    24 |    24 ||    54

Table legend: (Time is in decaauts)
 A = Elapsed time spent in this place.
 B = Non-inter-level travel time spent in this place.
 C = Inter-level travel time spent in this place.
 D = Time resting spent in this place.
 E = Time spent auto-exploring this place.
 F = Levels seen in this place.
 G = Mean time per level.
                   A        B        C        D        E       F      G
               +--------+--------+--------+--------+--------+-----+--------+
         Total |   1683 |   1683 |      0 |   1386 |      0 |   1 | 1683.0 |
       Dungeon |   1683 |   1683 |      0 |   1386 |      0 |   1 | 1683.0 |
               +--------+--------+--------+--------+--------+-----+--------+

Top non-repeatable levels by time:
       D: 1683 daAuts
